 Dungeon Sprint DCSS version 0.19-a0-1908-g43c011f (webtiles) character file.

1708 esc the Covert (level 8, -1/45 HPs)
             Began as a Spriggan Enchanter on Oct 22, 2016.
             Was an Initiate of Dithmenos.
             Slain by a centaur warrior (12 damage)
             ... in the Dungeon (Sprint I: "Red Sonja").
             The game lasted 00:04:48 (536 turns).

esc the Covert (Spriggan Enchanter)                  Turns: 536, Time: 00:04:48

Health: -1/45      AC:  3    Str:  4    XL:     8   Next: 73%
Magic:  8/22       EV: 26    Int: 18    God:    Dithmenos [......]
Gold:   478        SH:  6    Dex: 17    Spells: 5 memorised, 14 levels left

rFire  . . .     SeeInvis +     a - +1 dagger
rCold  . . .     Gourm    .     b - +1 robe
rNeg   . . .     Faith    .     m - +0 buckler
rPois  .         Spirit   .     (helmet restricted)
rElec  .         Reflect  .     (no cloak)
rCorr  .         Harm     .     (gloves unavailable)
MR     +....     NoTele   +     (boots unavailable)
Stlth  +++++.....               (no amulet)
                                (no ring)
                                (no ring)

@: very quick
A: unfitting armour, see invisible, herbivore 3, speed 3, slow metabolism 2
a: Renounce Religion


You were in the Dungeon.
You worshipped Dithmenos.
Dithmenos was noncommittal.
You were not hungry.

You visited 1 branch You collected 536 gold pieces.
You spent 58 gold pieces at shops.

Inventory:

Hand Weapons
 a - a +1 dagger (weapon)
Missiles
 l - 2 javelins
Armour
 b - a +1 robe (worn)
 m - a +0 buckler (worn)
   (You bought it in a shop in the Dungeon)
Scrolls
 j - a scroll of blinking {!r}
 n - a scroll of identify {unknown}
Potions
 e - a potion of curing
 f - a potion of heal wounds
 g - a potion of haste
 h - 2 potions of magic
 i - a potion of berserk rage {!q}
 k - a potion of cancellation {unknown}
Books
 c - a book of Maledictions
Comestibles
 d - 2 bread rations {@e1}


   Skills:
 + Level 6.4 Fighting
 - Level 8.1 Short Blades
 + Level 11.3 Dodging
 * Level 13.2 Stealth
 + Level 1.8 Shields
 + Level 9.7 Spellcasting
 + Level 1.8 Conjurations
 + Level 9.9 Hexes
 + Level 2.0 Ice Magic


You had 14 spell levels left.
You knew the following spells:

 Your Spells              Type           Power        Failure   Level  Hunger
a - Ensorcelled Hibernat  Hex/Ice        ####..       1%          2    None
b - Dazzling Spray        Conj/Hex       ####..       3%          3    None
c - Confuse               Hex            #####...     1%          3    None
d - Tukima's Dance        Hex            #####...     1%          3    None
v - Corona                Hex            #####..      1%          1    None


Dungeon Overview and Level Annotations

Branches:
Dungeon (1/1)

Altars:
Cheibriados
Dithmenos
Elyvilon
Fedhas
Gozag
Hepliaklqana
Kikubaaqudgha
Nemelex Xobeh
Okawaru
Qazlal
Ru
Sif Muna
Trog
Uskayaw
Vehumet
Yredelemnul
Zin
The Shining One

Shops:
D %[


Innate Abilities, Weirdness & Mutations

You are very small and have problems with some larger weapons.
You are too small for most types of armour.
You have supernaturally acute eyesight. (SInv)
You are a herbivore.
You cover ground extremely quickly.
You need consume almost no food.


Message History

Unknown command.
Unknown command.
m - a +0 buckler Thank you for shopping at Methi's Armour Emporium!
Wear which item? (? for menu, Esc to quit)
You start putting on your armour.
You continue putting on your +0 buckler. x4
You finish putting on your +0 buckler.
There is an open door here.
There is an open door here.
There is an open door here.
You open the door.
There is an open door here.
n - a scroll labeled MACOBE CIOKATY You see here a leather armour.
You now have 478 gold pieces (gained 16).
You see here a leather armour.
Okay, then.
You open the door. 2 centaur warriors come into view.
There is an open door here.
Okay, then.
You enter the shallow water.
Moving in this stuff is going to be slow.
The centaur warrior shouts! x2
The centaur warrior wields a shortbow.
The centaur warrior shoots an arrow.
The arrow hits you!
You hear a splash.
The centaur warrior wields a longbow.
The centaur warrior shoots an arrow.
The arrow hits you!
* * * LOW HITPOINT WARNING * * *
You hear a splash.
You see here 2 arrows.
You take 31 damage, and have 13/44 hp.
MASSIVE DAMAGE!!
Okay, then.
Okay, then.
Okay, then.
Aim: a centaur warrior, wielding a longbow (purple smoke)
Okay, then.
Unknown command.
You aren't carrying any items that you can evoke.
Okay, then.
Unknown command.
Aim: a centaur warrior, wielding a longbow (purple smoke, chance to defeat MR: 37%)
Okay, then.
Okay, then.
Unknown command.
Aim: a centaur warrior, wielding a longbow (purple smoke, chance to defeat MR: 37%)
Okay, then.
Unknown command.
Unknown command.
Aim: a centaur warrior, wielding a longbow (purple smoke)
The spray of energy hits the centaur warrior.
The centaur warrior is dazzled.
The spray of energy misses the centaur warrior.
The centaur warrior shoots an arrow.
You block the arrow.
The centaur warrior shoots an arrow.
The arrow completely misses you.
You now have 19/22 mp.
Aim: a centaur warrior, wielding a longbow (lightly wounded, blind)
The spray of energy hits the centaur warrior. x2
The centaur warrior is dazzled.
You now have 16/22 mp.
Aim: a centaur warrior, wielding a longbow (purple smoke, lightly wounded, blind, hasn't noticed you, chance to defeat MR: 37%)
The centaur warrior looks drowsy...
You now have 14/22 mp.
The helpless centaur warrior fails to defend itself.
You stick the centaur warrior like a pincushion!!!!
You kill the centaur warrior!
Dithmenos accepts your kill.
You hear a splash. x2
Your Fighting skill increases to level 6!
Your Dodging skill increases to level 11!
Your Stealth skill gained 2 levels and is now at level 13!
Your Shields skill increases to level 1!
Your Conjurations skill increases to level 1!
Your Ice Magic skill gained 2 levels and is now at level 2!
Aim: a centaur warrior, wielding a shortbow (blind, hasn't noticed you, chance to defeat MR: 41%)
The centaur warrior resists with some effort.
The centaur warrior unwields an uncursed shortbow.
The centaur warrior completely misses you.
The centaur warrior closely misses you.
You now have 13/22 mp.
Aim: a centaur warrior (purple smoke, blind, chance to defeat MR: 41%)
The centaur warrior resists with some effort.
The centaur warrior is no longer blind.
The centaur warrior hits you.
* * * LOW HITPOINT WARNING * * *
You take 3 damage, and have 11/45 hp.
You now have 11/22 mp.
Unknown command.
Okay, then.
Unknown command.
Aim: a centaur warrior (purple smoke, chance to defeat MR: 51%)
Okay, then.
Unknown command.
Okay, then.
Unknown command.
Aim: a centaur warrior (purple smoke)
The spray of energy hits the centaur warrior.
The centaur warrior misses you. The centaur warrior hits you!
You die...

#############
#.)').#.)'..#
'..#..'..#..+
#####'#####'# ####
####..#...#.####§§#
#__####..##.#≈§§§§#
#_____##'#..+§§c@§+
#_.∩..%'..)_#§§§§.#
#_..__##_.#'##§####
#_____###'#%#.[.[###
#########.####'###(##
+...'...§.'.∩#
#...########## ##.##
#+#


You could see a centaur warrior.

Vanquished Creatures
  A centaur warrior (D)
  A deep troll (D)
  Sigmund (D)
  A yak (D)
  An ogre (D)
  A jelly (D)
  Ijyb (D)
7 creatures vanquished.

Vanquished Creatures (others)
  Sonja (D)
1 creature vanquished.

Grand Total: 8 creatures vanquished

Notes
Turn   | Place    | Note
-------+----------+-------------------------------------------
     0 | D        | esc the Spriggan Enchanter began the quest for the Orb.
     0 | D        | Reached XP level 1. HP: 9/9 MP: 5/5
     1 | D        | Noticed Ijyb
     9 | D        | Killed Ijyb
     9 | D        | Reached skill level 1 in Fighting
     9 | D        | Reached skill level 2 in Short Blades
     9 | D        | Reached skill level 4 in Dodging
     9 | D        | Reached skill level 5 in Stealth
     9 | D        | Reached skill level 3 in Spellcasting
     9 | D        | Reached skill level 4 in Hexes
     9 | D        | Reached XP level 2. HP: 11/14 MP: 5/7
    16 | D        | Learned a level 2 spell: Ensorcelled Hibernation
    81 | D        | Noticed an ogre
    84 | D        | Killed an ogre
    84 | D        | Reached skill level 2 in Fighting
    84 | D        | Reached skill level 4 in Short Blades
    84 | D        | Reached skill level 6 in Dodging
    84 | D        | Reached skill level 7 in Stealth
    84 | D        | Reached skill level 5 in Spellcasting
    84 | D        | Reached skill level 5 in Hexes
    84 | D        | Reached XP level 3. HP: 19/19 MP: 5/10
    84 | D        | Reached XP level 4. HP: 23/23 MP: 6/12
   137 | D        | Noticed Sigmund
   140 | D        | Killed Sigmund
   140 | D        | Reached skill level 3 in Fighting
   140 | D        | Reached skill level 5 in Short Blades
   140 | D        | Reached skill level 7 in Dodging
   140 | D        | Reached skill level 9 in Stealth
   140 | D        | Reached skill level 6 in Spellcasting
   140 | D        | Reached skill level 6 in Hexes
   140 | D        | Reached XP level 5. HP: 29/29 MP: 13/15
   165 | D        | Found a deep blue altar of Sif Muna.
   167 | D        | Found a radiant altar of Vehumet.
   171 | D        | Reached skill level 4 in Fighting
   171 | D        | Reached skill level 8 in Dodging
   171 | D        | Reached skill level 7 in Hexes
   171 | D        | Reached XP level 6. HP: 33/33 MP: 16/16
   201 | D        | Found Fatedaac's Food Emporium.
   201 | D        | Found an ancient bone altar of Kikubaaqudgha.
   201 | D        | Found a hazy altar of Hepliaklqana.
   201 | D        | Found a stormy altar of Qazlal.
   201 | D        | Found a hide-covered altar of Uskayaw.
   201 | D        | Found a blossoming altar of Fedhas.
   201 | D        | Found a bloodstained altar of Trog.
   201 | D        | Found an iron altar of Okawaru.
   201 | D        | Found a basalt altar of Yredelemnul.
   201 | D        | Found a glowing golden altar of the Shining One.
   201 | D        | Found a snail-covered altar of Cheibriados.
   201 | D        | Found a sacrificial altar of Ru.
   201 | D        | Found a glowing silver altar of Zin.
   201 | D        | Found a shadowy altar of Dithmenos.
   201 | D        | Found a white marble altar of Elyvilon.
   201 | D        | Noticed a yak
   202 | D        | Found an opulent altar of Gozag.
   203 | D        | Killed a yak
   203 | D        | Reached skill level 6 in Short Blades
   203 | D        | Reached skill level 9 in Dodging
   203 | D        | Reached skill level 10 in Stealth
   203 | D        | Reached skill level 7 in Spellcasting
   204 | D        | Found a sparkling altar of Nemelex Xobeh.
   211 | D        | Became a worshipper of Dithmenos the Shadowed
   224 | D        | Learned a level 3 spell: Confuse
   228 | D        | Learned a level 3 spell: Dazzling Spray
   232 | D        | Learned a level 3 spell: Tukima's Dance
   232 | D        | Noticed Sonja
   263 | D        | Killed Sonja
   263 | D        | Reached skill level 5 in Fighting
   263 | D        | Reached skill level 8 in Spellcasting
   263 | D        | Reached skill level 8 in Hexes
   263 | D        | Reached XP level 7. HP: 13/39 MP: 13/19
   482 | D        | Noticed a deep troll
   486 | D        | Killed a deep troll
   486 | D        | Reached skill level 8 in Short Blades
   486 | D        | Reached skill level 10 in Dodging
   486 | D        | Reached skill level 11 in Stealth
   486 | D        | Reached skill level 9 in Spellcasting
   486 | D        | Reached skill level 9 in Hexes
   486 | D        | Reached XP level 8. HP: 44/44 MP: 20/22
   496 | D        | Found Methi's Armour Emporium.
   501 | D        | Bought a +0 buckler for 58 gold pieces
   528 | D        | Noticed a centaur warrior
   528 | D        | Noticed a centaur warrior
   533 | D        | Killed a centaur warrior
   533 | D        | Reached skill level 6 in Fighting
   533 | D        | Reached skill level 11 in Dodging
   533 | D        | Reached skill level 13 in Stealth
   533 | D        | Reached skill level 1 in Shields
   533 | D        | Reached skill level 1 in Conjurations
   533 | D        | Reached skill level 2 in Ice Magic
   535 | D        | HP: 11/45 [centaur warrior (3)]
   536 | D        | Slain by a centaur warrior

Vault maps used:
D:        dungeon_sprint_1

Skill      XL: |  1  2  3  4  5  6  7  8 |
---------------+-------------------------+-----
Fighting       | 1 2 3 4 5 6 |  6.4
Short Blades   | 2 4 5 6 8 |  8.1
Dodging        | 4 6 7 8 9 10 11 | 11.3
Stealth        | 5 7 9 10 11 13 | 13.2
Spellcasting   | 3 5 6 8 9 |  9.7
Hexes          | 4 5 6 7 8 9 |  9.9
Shields        | 1 |  1.8
Conjurations   | 1 |  1.8
Ice Magic      | 2 |  2.0

Action                   |  1- 3 |  4- 6 |  7- 9 || total
-------------------------+-------+-------+-------++-------
Melee: Dagger            |     7 |     5 |     2 ||    14
 Cast: Ensorcelled Hiber |     1 |     2 |     3 ||     6
       Tukima's Dance    |       |     1 |       ||     1
       Dazzling Spray    |       |       |     3 ||     3
 Stab: Sleeping          |     2 |     3 |     2 ||     7
Dodge: Dodged            |     3 |     7 |     4 ||    14
Block: Buckler           |       |       |     1 ||     1

Vault maps used:
D:        dungeon_sprint_1

Table legend:
 A = Turns spent in this place as a percentage of turns spent in the entire game.
 B = Non-inter-level travel turns spent in this place as a percentage of non-inter-level travel turns spent in the entire game.
 C = Inter-level travel turns spent in this place as a percentage of turns spent in this place.
 D = Turns resting spent in this place as a percentage of non-inter-level travel turns spent in this place.
 E = Turns spent auto-exploring this place as a percentage of non-inter-level travel turns spent in this place.
 F = Non-inter-level travel turns spent in this place divided by the number of levels of this place that you've seen.
                   A       B       C       D       E      F
               +-------+-------+-------+-------+-------+----------------------
         Total | 100.0 | 100.0 |   0.0 |   3.5 |   0.0 | 229.0
       Dungeon | 100.0 | 100.0 |   0.0 |   3.5 |   0.0 | 229.0
               +-------+-------+-------+-------+-------+----------------------

Table legend:
 A = Kills in this place as a percentage of kills in entire the game.
 B = Kills by you in this place as a percentage of kills by you in the entire game.
 C = Kills by friends in this place as a percentage of kills by friends in the entire game.
 D = Other kills in this place as a percentage of other kills in the entire game.
 E = Experience gained in this place as a percentage of experience gained in the entire game.
 F = Experience gained in this place divided by the number of levels of this place that you have seen.
                   A       B       C       D       E      F
               +-------+-------+-------+-------+-------+----------------------
         Total | 100.0 | 100.0 |  -nan | 100.0 | 100.0 | 2440.0
       Dungeon | 100.0 | 100.0 |  -nan | 100.0 | 100.0 | 2440.0
               +-------+-------+-------+-------+-------+----------------------
